 Dungeon Crawl Stone Soup version 0.30-a0-622-gddc90eaa04 (webtiles) character file.

Game seed: 3356874765924564604

174 kae the Changer (level 5, 0/55 HPs)
             Began as a Demonspawn Transmuter on Jan 10, 2023.
             Was a Follower of Qazlal.
             Succumbed to a water moccasin's poison
             ... on level 3 of the Dungeon.
             The game lasted 00:02:50 (3437 turns).

kae the Changer (Demonspawn Transmuter)             Turns: 3437, Time: 00:02:50

Health: 0/55       AC: 22    Str: 10    XL:     5   Next: 28%
Magic:  6/9        EV:  2    Int: 17    God:    Qazlal [*.....]
Gold:   258        SH:  1    Dex: 13    Spells: 3/9 levels left

rFire   . . .      SeeInvis .      - Unarmed
rCold   . . .      Faith    .    (no shield)
rNeg    . . .      Spirit   .    (body armour currently unavailable)
rPois   +          Reflect  .    (helmet currently unavailable)
rElec   .          Harm     .    (cloak currently unavailable)
rCorr   .          Rampage  .    (gloves currently unavailable)
Will    .....      NoTele   +    (boots currently unavailable)
Stlth   +                        (no amulet)
HPRegen 0.29/turn                (no ring)
MPRegen 0.11/turn                (no ring)

@: lethally poisoned (0 -> -24), tree-form
A: stationary, stasis, torment immunity, boosted hp, (hooves 1), ignite blood 1,
(spiny 1)
a: Renounce Religion


You were on level 3 of the Dungeon.
You worshipped Qazlal.
Qazlal was aware of your devotion.
You were a tree.
You visited 1 branch of the dungeon, and saw 3 of its levels.

You collected 258 gold pieces.


Innate Abilities, Weirdness & Mutations

You are a tree.
Your roots penetrate the ground, keeping you stationary.
You cannot be teleported.
You are immune to unholy pain and torment.
Your maximum health is greatly increased.
Your equipment is partially melded.
((You have large cloven feet.))
Your demonic aura sometimes causes spilled blood to erupt in flames.
((You are partially covered in sharp spines.))


   Skills:
 - Level 1.0 Fighting
 - Level 1.7 Dodging
 + Level 3.4 Unarmed Combat
 + Level 2.9 Spellcasting
 * Level 3.5 Transmutations
 - Level 1.5 Poison Magic


You had 3 spell levels left.
You knew the following spells:

 Your Spells              Type           Power      Damage    Failure   Level
a - Beastly Appendage     Tmut           28%        N/A       4%          1
b - Wereblood             Tmut           14%        N/A       6%          2
c - Spider Form           Tmut/Pois      11%        N/A       19%         3

Your spell library contained the following spells:

 Spells                   Type           Power      Damage    Failure   Level
 Ice Form                 Ice/Tmut       8%         N/A       63%         4

Inventory:

Missiles
 d - 29 stones
Armour
 a - a +0 robe (melded)
Scrolls
 g - 2 scrolls of identify {@r1}
 i - a scroll of enchant armour {unknown}
 j - 2 scrolls of teleportation {unknown}
 m - 2 scrolls of magic mapping {unknown}
 n - a scroll of amnesia {unknown}
 p - a scroll of enchant weapon
 r - a scroll of noise {unknown}
Potions
 b - 2 potions of lignification {!q}
 c - 2 potions of cancellation
 e - a potion of brilliance {unknown}
 f - 2 potions of berserk rage {unknown}
 h - a potion of ambrosia {unknown}
 k - 2 potions of mutation {unknown}
 l - a potion of resistance {unknown}
 o - a potion of might {unknown}
 q - a potion of magic {unknown}

Dungeon Overview and Level Annotations

Branches:
Dungeon (3/15) Zot: 14541

Altars:
Fedhas
Qazlal

Annotations:
D:3 exclusion: water moccasin

........................##.......
###############.##.#.#.#.#.####..
......# #...#.........##..#
##....# ###..#.......#.....
##....# ##..........###.. ##....#
#.#.......## #.. ##....#
#S...>.....# #.. ##....#
########.#.......####.. ##....#
#.....♣S...........##.. ##..<.#
#........#.#.#.#.#.##..
##....#####........>...##....##..
...........#######........######.
##########.#######.#.###### #.
#...###........#...#.# #.
#.#......#.###.#.###.# #.
.........#.# #.#...#.###########.
#....##.##.# #.#.................


You could see a water moccasin.


Message History

Confirm with . or Enter, or press ? or * to list all spells.
You grow a pair of large bovine horns.
Your feet morph into talons. 😎 MP[-1]
You lost 1 mp, and now have 8/9 mp.
You barely miss the ball python. You claw the ball python.
The ball python is struck by your spines.
The ball python closely misses you.
You closely miss the ball python. The ball python barely misses you.
You closely miss the ball python.
The ball python is struck by your spines.
You kill the ball python!
Qazlal accepts your kill.
No target in view!
No target in view!
Unknown command.
r - a scroll labelled WUSI GUABE 😎 MP[+1]
Your mp is fully restored (9).
Your transformation is almost over.
You open the door.
Your horns disappear.
Your talons disappear.
There is an open door here.
There is an open door here.
Key pressed, stopping explore.
Key pressed, stopping explore.
You see here a +0 club.
You see here a +0 pair of gloves.
You hear an angry hiss.
A water moccasin is nearby!
A water moccasin is nearby!
A water moccasin is nearby!
A water moccasin is nearby!
Casting: Beastly Appendage (safe; 4% risk of failure)
Confirm with . or Enter, or press ? or * to list all spells.
The spell is quite dangerous to miscast (19% risk of failure)!
Continue anyway? [Y]es or [N]o only, please.
The spell is quite dangerous to miscast (19% risk of failure)!
Continue anyway?
Okay, then.
Casting: Spider Form (quite dangerous; 19% risk of failure)
Confirm with . or Enter, or press ? or * to list all spells.
The spell is quite dangerous to miscast (19% risk of failure)!
Continue anyway? [Y]es or [N]o only, please.
The spell is quite dangerous to miscast (19% risk of failure)!
Continue anyway?
You turn into a venomous arachnid creature.
Your +0 robe melds into your body.
The water moccasin bites you.
You are poisoned.
The water moccasin poisons you! 😕 HP[-6] MP[-3]
You take 6 damage, and now have 31/37 hp.
You lost 3 mp, and now have 6/9 mp.
Casting: Spider Form (quite dangerous; 38% risk of failure)
Confirm with . or Enter, or press ? or * to list all spells.
The spell is quite dangerous to miscast (38% risk of failure)!
Continue anyway? [Y]es or [N]o only, please.
The spell is quite dangerous to miscast (38% risk of failure)!
Continue anyway?
Okay, then.
You barely miss the water moccasin.
You feel very sick.
The water moccasin completely misses you.
The water moccasin misses you. 😮 HP[-4]
You take 4 damage, and now have 27/37 hp.
Unknown command.
You hit the water moccasin but do no damage.
You feel very sick.
The water moccasin completely misses you. 😮 HP[-3]
You take 3 damage, and now have 24/37 hp.
You barely miss the water moccasin.
You feel very sick. The water moccasin bites you. 😮 HP[-5]
You take 5 damage, and now have 19/37 hp.
Unknown command.
You closely miss the water moccasin.
You feel sick. The water moccasin closely misses you.
The water moccasin bites you.
* * * LOW HITPOINT WARNING * * *
You are lethally poisoned!
The water moccasin poisons you! 😨 HP[-2]
You take 2 damage, and now have 17/37 hp.
You hit the water moccasin.
* * * LOW HITPOINT WARNING * * *
You feel extremely sick.
The water moccasin completely misses you. 😱 HP[-9]
You take 9 damage, and now have 8/37 hp.
MASSIVE DAMAGE!! (PAUSE) Really quaff
b - 3 potions of lignification {!q}?
Really quaff the potion of lignification?
Your transformation has ended.
Your +0 robe unmelds from your body.
You turn into a tree.
Your +0 robe melds into your body.
Your roots penetrate the ground.
* * * LOW HITPOINT WARNING * * *
You feel extremely sick.
The water moccasin barely misses you. 😱 HP[-3]
You now have 55 max hp (+18).
You hit the water moccasin but do no damage.
You die...

Skill      XL: |  1  2  3 |
---------------+----------+-----
Transmutations | 2 3 |  3.5
Unarmed Combat | 3 |  3.4
Poison Magic   | 1 |  1.5
Fighting       | |  1.0
Dodging        | |  1.7
Spellcasting   | |  2.9

Action                   |  1- 3 |  4- 6 || total
-------------------------+-------+-------++-------
Melee: Unarmed           |   120 |    61 ||   181
       Kick              |    25 |     7 ||    32
       Headbutt          |     7 |     7 ||    14
       Punch             |     1 |       ||     1
 Cast: Beastly Appendage |    25 |    11 ||    36
       Spider Form       |     2 |     3 ||     5
       Wereblood         |       |     1 ||     1
  Use: Scroll            |     3 |       ||     3
       Potion            |       |     1 ||     1
Armor: Robe              |    19 |     7 ||    26
       Skin              |     1 |       ||     1
Dodge: Dodged            |    92 |    44 ||   136

Levels and vault maps discovered:
D:1:      dpeg_arrival_orchard, layout_loops_ring,
          chequers_serial_rivers_large_b
D:2:      layout_loops_corners, basic_altar, dk_noncrumbling_2,
          minmay_misc_feat_doors, minmay_distorted
D:3:      layout_basic, minitemple, st_stairs_4, kennysheep_path_1

Notes
Turn   | Place    | Note
-------+----------+-------------------------------------------
     0 | D:1      | kae the Demonspawn Transmuter began the quest for the Orb.
     0 | D:1      | Reached XP level 1. HP: 15/15 MP: 3/3
     0 | D:1      | magus.rc [v1.11.3]
    81 | D:1      | Reached skill level 2 in Transmutations
   248 | D:1      | Gained mutation: Your demonic aura sometimes causes spilled
                  | blood to erupt in flames. [demonic ancestry]
   248 | D:1      | Reached XP level 2. HP: 21/21 MP: 3/5
   332 | D:1      | HP: 5/21 [kobold/+2 short sword of speed (6)]
   661 | D:1      | Reached skill level 3 in Unarmed Combat
   791 | D:2      | Lost mutation: You have razor-sharp toenails. [demonic
                  | ancestry]
   791 | D:2      | Lost mutation: You have sharp toenails. [demonic ancestry]
   791 | D:2      | Gained mutation: You have large cloven feet. [demonic
                  | ancestry]
   791 | D:2      | Reached XP level 3. HP: 26/26 MP: 4/6
   794 | D:2      | Learned a level 2 spell: Wereblood
   798 | D:2      | Learned a level 3 spell: Spider Form
  1617 | D:2      | Found a stormy altar of Qazlal.
  1761 | D:2      | Became a worshipper of Qazlal Stormbringer
  1969 | D:3      | Noticed a water moccasin
  1983 | D:3      | Reached skill level 1 in Poison Magic
  2104 | D:3      | Found a blossoming altar of Fedhas.
  2150 | D:3      | Reached skill level 3 in Transmutations
  2150 | D:3      | Reached XP level 4. HP: 27/32 MP: 3/7
  2480 | D:3      | HP: 7/32 [something/puff of flame (8)]
  2840 | D:3      | Gained mutation: You are partially covered in sharp spines.
                  | [demonic ancestry]
  2840 | D:3      | Reached XP level 5. HP: 34/37 MP: 7/9
  3086 | D:3      | Reached * piety under Qazlal
  3435 | D:3      | HP: 8/37 [poisoned by a water moccasin]
  3437 | D:3      | Succumbed to a water moccasin's poison

Vanquished Creatures
  2 orc wizards (D:3)
  3 gnolls (D:3)
  3 adders
  A worm (D:2)
  A dart slug (D:2)
  2 orcs (D:3)
  5 ball pythons
  5 bats
  8 endoplasms
  A giant cockroach (D:1)
  5 goblins
  6 hobgoblins
  7 kobolds
  4 quokkas
  5 frilled lizards
  3 rats
61 creatures vanquished.

Table legend:
 A = Non-vault XP
 B = Vault XP
 C = Vault XP percentage of total XP
 D = Non-vault monster count
 E = Vault monster count
 F = Vault count percentage of total count
                 A         B        C        D         E       F
            +---------+---------+-------+---------+---------+-------
      Total |     234 |      15 |   6.0 |      58 |       3 |   4.9
            +---------+---------+-------+---------+---------+-------
        D:1 |      37 |       0 |   0.0 |      23 |       0 |   0.0
        D:2 |      36 |       1 |   2.7 |      11 |       1 |   8.3
        D:3 |     161 |      14 |   8.0 |      24 |       2 |   7.7
            +---------+---------+-------+---------+---------+-------

Illustrated notes

Table legend:
 A = Kills in this place as a percentage of kills in entire the game.
 B = Kills by you in this place as a percentage of kills by you in the entire game.
 C = Kills by friends in this place as a percentage of kills by friends in the entire game.
 D = Other kills in this place as a percentage of other kills in the entire game.
 E = Experience gained in this place as a percentage of experience gained in the entire game.
 F = Experience gained in this place divided by the number of levels of this place that you have seen.
                   A       B       C       D       E      F
               +-------+-------+-------+-------+-------+----------------------
         Total | 100.0 | 100.0 |   N/A |   N/A | 100.0 |  83.0
       Dungeon | 100.0 | 100.0 |   N/A |   N/A | 100.0 |  83.0
               +-------+-------+-------+-------+-------+----------------------

Table legend: (Time is in decaauts)
 A = Elapsed time spent in this place.
 B = Non-inter-level travel time spent in this place.
 C = Inter-level travel time spent in this place.
 D = Time resting spent in this place.
 E = Time spent auto-exploring this place.
 F = Levels seen in this place.
 G = Mean time per level.
                   A        B        C        D        E       F      G
               +--------+--------+--------+--------+--------+-----+--------+
         Total |   3458 |   3368 |     90 |    131 |   2705 |   3 | 1152.7 |
       Dungeon |   3458 |   3368 |     90 |    131 |   2705 |   3 | 1152.7 |
               +--------+--------+--------+--------+--------+-----+--------+

Top non-repeatable levels by time:
     D:3: 1496 daAuts
     D:2: 1147 daAuts
     D:1: 814 daAuts
